 Dungeon Crawl Stone Soup version 0.27.1-34-g3ba077fa99 (webtiles) character file.

Game seed: 1774614673396423954

1432 Sharkman1231 the Digger (level 8, -2/58 HPs)
             Began as a Demonspawn Earth Elementalist on Jan 20, 2022.
             Was an Initiate of Kikubaaqudgha.
             Killed by divine providence
             ... invoked by an orc priest
              (13 damage)
             ... on level 7 of the Dungeon.
             The game lasted 00:11:23 (8181 turns).

Sharkman1231 the Digger (DsEE)                      Turns: 8181, Time: 00:11:24

Health: -2/58      AC:  4    Str:  8    XL:     8   Next: 45%
Magic:  13/13      EV: 14    Int: 17    God:    Kikubaaqudgha [......]
Gold:   341        SH:  0    Dex: 22    Spells: 10/14 levels left

rFire    + . .     SeeInvis .   a - +2 dagger (pain)
rCold    . . .     Faith    .   (no shield)
rNeg     . . .     Spirit   .   b - +0 robe
rPois    .         Reflect  .   o - +0 helmet
rElec    .         Harm     .   (no cloak)
rCorr    .         Rampage  .   g - +0 pair of gloves
Will     .....                  (boots unavailable)
Stlth    ++........             (no amulet)
HPRegen  0.19/turn              i - ring of protection from fire
MPRegen  0.13/turn              k - +6 ring of dexterity

@: no status effects
A: talons 3, ignite blood 1, powered by death 1
a: Renounce Religion


You were on level 7 of the Dungeon.
You worshipped Kikubaaqudgha.
Kikubaaqudgha was noncommittal.
You visited 2 branches of the dungeon, and saw 8 of its levels.

You collected 341 gold pieces.

Inventory:

Hand Weapons
 a - a +2 dagger of pain (weapon)
Missiles
 c - 22 stones
Armour
 b - a +0 robe (worn)
 g - a +0 pair of gloves (worn)
 o - a +0 helmet (worn)
Jewellery
 i - a ring of protection from fire (left hand)
 k - a +6 ring of dexterity (right hand)
Scrolls
 d - 4 scrolls of teleportation
 e - a scroll of summoning {unknown}
 f - 2 scrolls of enchant armour {unknown}
 h - 2 scrolls of immolation {unknown}
 j - a scroll of magic mapping {unknown}
 n - a scroll of fear {unknown}
 p - a scroll of amnesia {unknown}
 q - a scroll of vulnerability {unknown}
Potions
 l - a potion of invisibility
 m - 2 potions of magic
 r - 2 potions of attraction
 s - a potion of ambrosia
 t - a potion of might
 u - a potion of curing


   Skills:
 + Level 3.1 Fighting
 + Level 2.7 Short Blades
 + Level 3.5 Dodging
 - Level 1.7 Stealth
 + Level 3.6 Spellcasting
 + Level 3.0 Conjurations
 + Level 3.4 Necromancy
 - Level 3.4 Transmutations
 * Level 5.3 Earth Magic


You had 10 spell levels left.
You knew the following spells:

 Your Spells              Type           Power      Damage    Failure   Level
a - Sandblast             Erth           42%        2d11      1%          1
b - Stone Arrow           Conj/Erth      34%        3d9       9%          3

Your spell library contained the following spells:

 Spells                   Type           Power      Damage    Failure   Level
 Animate Skeleton         Necr           28%        N/A       4%          1
 Pain                     Necr           56%        1d6       4%          1
 Passwall                 Tmut/Erth      14%        N/A       4%          2
 Vampiric Draining        Necr           7%         2d7       12%         3
 Summon Small Mammal      Summ           12%        N/A       16%         1
 Petrify                  Tmut/Erth      17%        N/A       26%         4
 Call Canine Familiar     Summ           3%         N/A       43%         3
 Gell's Gravitas          Tloc           1%         N/A       43%         3
 Lesser Beckoning         Tloc           1%         N/A       43%         3
 Summon Guardian Golem    Hex/Summ       3%         N/A       43%         3
 Swiftness                Air            3%         N/A       43%         3
 Teleport Other           Tloc           3%         N/A       43%         3
 Invisibility             Hex            1%         N/A       100%        6


Dungeon Overview and Level Annotations

Branches:
Dungeon (7/15)             Temple (1/1) D:5

Altars:
Ashenzari
Cheibriados
Dithmenos
Elyvilon
Fedhas
Gozag
Kikubaaqudgha
Makhleb
Nemelex Xobeh
Okawaru
Qazlal
Ru
Sif Muna
Trog
Uskayaw
Vehumet
Xom
Yredelemnul
Zin
The Shining One

Annotations:
D:3 Ijyb, Sigmund


Innate Abilities, Weirdness & Mutations

You have claws for feet.
Your demonic aura sometimes causes spilled blood to erupt in flames.
You regenerate a little health from kills.


Message History

There is a stone staircase leading down, spattered with blood here.
Things that are here:
a +0 hand axe; a +0 chain mail
There is a stone staircase leading down, spattered with blood here.
Things that are here:
a +0 short sword; a +0 chain mail
There is a stone staircase leading down, spattered with blood here.
You start resting.
Magic restored.
You start resting.
HP restored.
You climb downwards.
The orc priest hits you with a +0 flail.
The jelly quivers.
There is a stone staircase leading up here.
You hit the orc priest.
The orc priest writhes in agony.
The orc priest is moderately wounded.
The orc priest hits you with a +0 flail.
The jelly hits you.
You are splashed with acid!
You closely miss the orc priest. You claw the orc priest!
The orc priest is severely wounded.
The orc priest hits you with a +0 flail.
The jelly closely misses you.
You hit the orc priest but do no damage.
The orc priest writhes in agony.
The orc priest is severely wounded.
You hit the orc priest but do no damage.
The orc priest writhes in agony.
The orc priest is almost dead.
The jelly completely misses you.
The orc priest mumbles some strange prayers to Beogh against you.
Beogh smites you!
You are too injured to fight recklessly!
The orc priest calls down the wrath of Beogh upon you.
Beogh smites you!
* * * LOW HITPOINT WARNING * * *
The orc priest invokes the aid of Beogh against you.
Beogh smites you!
You die...
Kikubaaqudgha rasps: "You have failed me!
Welcome... death!"

### ..#
#.##
#..#####...
#.........
###@#
###..J#
#....<#
......o.#
.....##..
$.... #..#
.... ...#
#### ....
....


You could see a jelly and an orc priest.

Vanquished Creatures
  A water moccasin (D:5)
  A black bear (D:5)
  An orc warrior (D:6)
  An ogre (D:5)
  A necrophage (D:6)
  A centaur (D:5)
  3 bullfrogs (D:6)
  2 howler monkeys (D:5)
  A bullfrog skeleton (D:5)
  3 hounds (D:6)
  2 centaur skeletons
  An orc priest (D:3)
  Jessica (D:3)
  2 iguanas
  4 orc wizards
  A scorpion zombie (D:5)
  Robin (D:3)
  7 adders
  A white imp (D:5)
  2 adder skeletons (D:5)
  4 dart slugs
  15 orcs
  6 endoplasms
  3 giant cockroaches
  22 goblins
  19 hobgoblins
  2 jackals (D:2)
  2 quokkas (D:2)
  8 ball pythons
  5 bats
  6 frilled lizards
  A kobold (D:3)
  6 rats
136 creatures vanquished.

Notes
Turn   | Place    | Note
-------+----------+-------------------------------------------
     0 | D:1      | Sharkman1231 the Demonspawn Earth Elementalist began the
                  | quest for the Orb.
     0 | D:1      | Reached XP level 1. HP: 13/13 MP: 3/3
   287 | D:1      | Reached skill level 1 in Transmutations
   341 | D:1      | Reached skill level 3 in Earth Magic
   341 | D:1      | Gained mutation: You regenerate a little health from kills.
                  | [demonic ancestry]
   341 | D:1      | Reached XP level 2. HP: 20/20 MP: 1/5
   789 | D:1      | Found a faded altar of an unknown god.
  1307 | D:2      | Gained mutation: You have sharp toenails. [demonic
                  | ancestry]
  1307 | D:2      | Reached XP level 3. HP: 25/25 MP: 4/6
  1707 | D:2      | Reached skill level 1 in Fighting
  1707 | D:2      | Gained mutation: You have razor-sharp toenails. [demonic
                  | ancestry]
  1707 | D:2      | Reached XP level 4. HP: 24/32 MP: 2/7
  2062 | D:2      | Learned a level 3 spell: Stone Arrow
  2377 | D:3      | Noticed Jessica
  2394 | D:3      | Killed Jessica
  2395 | D:3      | Reached skill level 1 in Necromancy
  2646 | D:3      | Noticed Robin
  3171 | D:2      | Gained mutation: Your demonic aura sometimes causes spilled
                  | blood to erupt in flames. [demonic ancestry]
  3171 | D:2      | Reached XP level 5. HP: 29/37 MP: 8/8
  3287 | D:3      | Reached skill level 1 in Short Blades
  4021 | D:3      | Killed Robin
  4022 | D:3      | Reached skill level 1 in Conjurations
  4363 | D:3      | Noticed Sigmund
  4369 | D:3      | Noticed Ijyb
  4670 | D:4      | Gained mutation: You have claws for feet. [demonic
                  | ancestry]
  4670 | D:4      | Reached XP level 6. HP: 37/44 MP: 10/10
  5169 | D:5      | Entered Level 5 of the Dungeon
  5581 | D:5      | Found a basalt altar of Yredelemnul.
  5669 | D:5      | Found a snail-covered altar of Cheibriados.
  5677 | D:5      | Reached skill level 4 in Earth Magic
  5815 | D:5      | Reached XP level 7. HP: 50/50 MP: 3/11
  6036 | D:5      | Found a staircase to the Ecumenical Temple.
  6467 | Temple   | Entered the Ecumenical Temple
  6652 | Temple   | Became a worshipper of Kikubaaqudgha
  7456 | D:6      | Reached XP level 8. HP: 57/57 MP: 11/13
  7685 | D:6      | Reached skill level 5 in Earth Magic
  8181 | D:7      | Killed from afar by an orc priest

Illustrated notes

Levels and vault maps discovered:
D:1:      kennysheep_arrival_forest, layout_loops_ring, basic_ecumenical_altar,
          minmay_misc_feat_tiny, hangedman_feature_mirror
D:2:      cheibrodos_greedy_goblins, layout_basic
D:3:      layout_rooms, uniq_jessica, uniq_ijyb, uniq_robin,
          uniq_crazy_yiuf_cottage, uniq_sigmund
D:4:      layout_loops_ring
D:5:      layout_rooms, minmay_temple_entry_large_hall, hangedman_feature_mirror
D:6:      layout_loops_ring, hangedman_abyss_or_decor_slice, minivault_19,
          chequers_serial_rivers_room_a
D:7:      layout_layer_cave, nzn_wu_jian_contemplation
Temple:   regret_index_temple_chain_breaker

Skill      XL: |  1  2  3  4  5  6  7  8 |
---------------+-------------------------+-----
Transmutations | 1 2 3 |  3.4
Earth Magic    | 3 4 5 |  5.3
Dodging        | 2 3 |  3.5
Fighting       | 1 2 3 |  3.1
Necromancy     | 1 2 3 |  3.4
Short Blades   | 1 2 |  2.7
Conjurations   | 1 2 3 |  3.0
Spellcasting   | 3 |  3.6
Stealth        | |  1.7

Action                   |  1- 3 |  4- 6 |  7- 9 || total
-------------------------+-------+-------+-------++-------
Melee: Unarmed           |    11 |       |       ||    11
       Dagger            |    44 |   241 |    89 ||   374
       Kick              |       |    13 |    33 ||    46
 Cast: Sandblast         |    42 |    23 |    26 ||    91
       Stone Arrow       |       |    13 |     8 ||    21
  Use: Scroll            |       |     2 |     6 ||     8
 Stab: Sleeping          |     1 |     2 |     1 ||     4
Armor: Robe              |    10 |    50 |    25 ||    85
Dodge: Dodged            |    39 |   157 |    66 ||   262
